 Dungeon Crawl Stone Soup version 0.26-a0-969-g2c58977ddd (webtiles) character file.

Game seed: 1884571244580696269

468 Descartes the Destroyer (level 6, -5/48 HPs)
             Began as a Deep Elf Conjurer on Dec 4, 2020.
             Slain by a sky beast (6 damage)
             ... on level 5 of the Dungeon.
             The game lasted 00:14:17 (4779 turns).

Descartes the Destroyer (Deep Elf Conjurer)         Turns: 4779, Time: 00:14:17

Health: -5/48      AC:  5    Str:  4    XL:     6   Next: 81%
Magic:  3/12       EV: 13    Int: 25    God:
Gold:   179        SH:  0    Dex: 13    Spells: 2/11 levels left

rFire    . . .     SeeInvis .   o - +1 short sword (vamp)
rCold    . . .     Faith    .   (no shield)
rNeg     . . .     Spirit   .   a - +0 robe
rPois    .         Reflect  .   y - +2 hat
rElec    .         Harm     .   (no cloak)
rCorr    .         Rampage  .   A - +0 pair of gloves
MR       .....                  (no boots)
Stlth    ..........             q - amulet of regeneration
HPRegen  0.56/turn              (no ring)
MPRegen  0.13/turn              (no ring)

@: berserking (expiring), very quick
A: no striking features
a: no special abilities


You were on level 5 of the Dungeon.
You visited 1 branch of the dungeon, and saw 5 of its levels.

You collected 179 gold pieces.

Inventory:

Hand Weapons
 m - a +0 dagger
 o - a +1 vampiric short sword (weapon)
 r - a +1 dagger of draining
Missiles
 f - 72 arrows
 h - 100 sling bullets
 i - 7 boomerangs (quivered)
 j - 139 stones
 n - 4 boomerangs of dispersal
 x - 36 poisoned darts
Armour
 a - a +0 robe (worn)
 p - a +0 helmet
 y - a +2 hat (worn)
 A - a +0 pair of gloves (worn)
Jewellery
 q - an amulet of regeneration (around neck)
Scrolls
 b - 2 scrolls of teleportation
 c - 4 scrolls of remove curse
 e - a scroll of noise {unknown}
 g - 5 scrolls of identify
 k - a scroll of random uselessness {unknown}
 l - a scroll of fog {unknown}
 t - a scroll of immolation {unknown}
 u - 3 scrolls of enchant weapon
 v - a scroll of amnesia
Potions
 d - a potion of lignification
 s - 2 potions of attraction
 w - a potion of might
 z - a potion of berserk rage


   Skills:
 - Level 2.4 Dodging
 - Level 2.4 Stealth
 + Level 3.1 Spellcasting
 + Level 8.9 Conjurations
 + Level 0.5 Hexes
 + Level 0.3 Fire Magic
 + Level 0.3 Earth Magic


You had 2 spell levels left.
You knew the following spells:

 Your Spells              Type           Power        Failure   Level
a - Magic Dart            Conj           ####         1%          1
b - Bolt of Magma         Conj/Fire/Erth ###.......   58%         5
c - Dazzling Flash        Conj/Hex       ####..       4%          3

Your spell library contained the following spells:

 Spells                   Type           Power        Failure   Level
 Searing Ray              Conj           #####.       1%          2
 Iskenderun's Battlesphe  Conj           #####...     7%          5
 Fulminant Prism          Conj/Hex       ####......   14%         4
 Iskenderun's Mystic Bla  Conj/Tloc      ####....     16%         4
 Confusing Touch          Hex            #.......     24%         3
 Gell's Gravitas          Tloc           #.........   30%         3
 Petrify                  Tmut/Erth      #.......     67%         4
 Orb of Destruction       Conj           #####.....   91%         7
 Iron Shot                Conj/Erth      ####......   92%         6
 Metabolic Englaciation   Hex/Ice        #.........   94%         5
 Yara's Violent Unravell  Hex/Tmut       #.........   94%         5
 Spellforged Servitor     Conj/Summ      ####......   100%        7


Dungeon Overview and Level Annotations

Branches:
Dungeon (5/15)
 Temple: D:4-7

Altars:
Fedhas

Annotations:
D:5 Eustachio, Grinder


Message History

You feel yourself moving faster!
You feel mighty! Something hits you but does no damage.
You closely miss something. You miss something. Something hits you.
* * * LOW HITPOINT WARNING * * *
Something shocks you.
* * * LOW HITPOINT WARNING * * *
You barely miss something. Something hits you but does no damage.
You closely miss something. Something barely misses you.
You closely miss something. Something hits you but does no damage.
You miss something. You barely miss something. Something barely misses you.
You hit something. Something barely misses you.
You barely miss something. You puncture something!
A sky beast appears from thin air!
Reactivating autopickup.
The sky beast hits you.
* * * LOW HITPOINT WARNING * * *
The sky beast shocks you.
You die...

###..##.## ###
........###... .......
##............ ... ........
........... ##..
.........##....... .#.#
................# .
...###....... #...<.#..#.
..............###...........
....#...$..#....@..........#
.......## #...Y.....#.....#
........# #....#.....#......
..#..#..##....###.##........
..#..##....... ..##.######.
.<#......####. ...#...
.#......## . ....# #..
.#..#..## . #.... ...
....##...


You could see a sky beast.

Vanquished Creatures
  An ogre (D:4)
  A wyvern skeleton (D:4)
  A jelly (D:5)
  An orc priest (D:5)
  A worker ant (D:4)
  7 gnolls (D:3)
  5 adders
  A shadow imp (D:5)
  3 worms
  7 dart slugs
  2 leopard geckos
  7 orcs
  A ball python (D:2)
  A giant cockroach (D:2)
  16 goblins
  8 hobgoblins
  13 jackals
  7 bats
  2 frilled lizards
  8 kobolds
  9 rats
102 creatures vanquished.

Vanquished Creatures (others)
  7 fungi (D:3)
  8 plants (D:3)
15 creatures vanquished.

Grand Total: 117 creatures vanquished

Notes
Turn   | Place    | Note
-------+----------+-------------------------------------------
     0 | D:1      | Descartes the Deep Elf Conjurer began the quest for the
                  | Orb.
     0 | D:1      | Reached XP level 1. HP: 10/10 MP: 6/6
   181 | D:1      | Reached XP level 2. HP: 15/15 MP: 2/8
   231 | D:1      | Reached skill level 5 in Conjurations
   464 | D:1      | Reached XP level 3. HP: 19/19 MP: 5/9
  1360 | D:2      | Reached skill level 6 in Conjurations
  1721 | D:2      | Reached XP level 4. HP: 24/24 MP: 7/10
  1860 | D:3      | Found a blossoming altar of Fedhas.
  2287 | D:3      | Reached skill level 7 in Conjurations
  2287 | D:3      | Reached XP level 5. HP: 17/28 MP: 1/11
  3348 | D:4      | Noticed an ogre
  4101 | D:4      | Reached skill level 8 in Conjurations
  4101 | D:4      | Reached XP level 6. HP: 32/32 MP: 5/12
  4345 | D:5      | Entered Level 5 of the Dungeon
  4468 | D:5      | Noticed Grinder
  4478 | D:5      | Paralysed by Grinder for 4 turns
  4567 | D:5      | Noticed Eustachio
  4660 | D:4      | Learned a level 5 spell: Bolt of Magma
  4664 | D:4      | Learned a level 3 spell: Dazzling Flash
  4749 | D:5      | Noticed a sky beast
  4771 | D:5      | HP: 1/48 [something (6)]
  4779 | D:5      | HP: 1/48 [sky beast (3)]
  4779 | D:5      | Slain by a sky beast

Illustrated notes

Levels and vault maps discovered:
D:1:      minmay_arrival_split_and_join, layout_rooms
D:2:      layout_loops_cross
D:3:      layout_loops_ring, fedhas_altar_3
D:4:      layout_gridville
D:5:      layout_cave_pools, basic_altar, uniq_grinder, uniq_eustachio

Skill      XL: |  1  2  3  4  5 |
---------------+----------------+-----
Conjurations   | 5 6 7 8 |  8.9
Dodging        | |  2.4
Stealth        | |  2.4
Spellcasting   | |  3.1
Hexes          | |  0.5
Fire Magic     | |  0.3
Earth Magic    | |  0.3

Action                   |  1- 3 |  4- 6 || total
-------------------------+-------+-------++-------
Melee: Dagger            |    12 |       ||    12
       Short sword       |       |    42 ||    42
 Cast: Magic Dart        |    81 |   181 ||   262
       Dazzling Flash    |       |     1 ||     1
  Use: Scroll            |       |     8 ||     8
       Potion            |       |     1 ||     1
Armor: Robe              |     4 |    16 ||    20
Dodge: Dodged            |    10 |    45 ||    55

Table legend: (Time is in decaauts)
 A = Elapsed time spent in this place.
 B = Non-inter-level travel time spent in this place.
 C = Inter-level travel time spent in this place.
 D = Time resting spent in this place.
 E = Time spent auto-exploring this place.
 F = Levels seen in this place.
 G = Mean time per level.
                   A        B        C        D        E       F      G
               +--------+--------+--------+--------+--------+-----+--------+
         Total |   4781 |   4505 |    276 |     82 |   3783 |   5 |  956.2 |
       Dungeon |   4781 |   4505 |    276 |     82 |   3783 |   5 |  956.2 |
               +--------+--------+--------+--------+--------+-----+--------+

Top non-repeatable levels by time:
     D:4: 1399 daAuts
     D:3: 1166 daAuts
     D:2: 1076 daAuts
     D:1: 828 daAuts
     D:5: 311 daAuts
